AoeStats
← king_espo

African Clearing

510768272Analyzed
3v3 RM · 21h ago on Oct 2, 2026· 57m 15s· 6 players
Game mode
Random Map
Map size
Normal (6 player)
Population
200
Speed
Normal
Resources
Standard
Victory
Conquest
Starting age
Dark Age
Ending age
Imperial Age
RankedLock teamsTeams togetherTeam positionsShared explorationLock speedFull tech treeHidden civsTurbo modeCheats
Victory
Defeat
🇺🇸 Koreans · United States
1278
+15
🇺🇸 Danes · United States
1233
+16
🇺🇸 Cumans · United States
1219
+17
🇫🇷 Ethiopians · France
1277
-17
🇦🇷 Burgundians · Argentina
1277
-17
🇲🇽 Mongols · Mexico
1195
-14
king_espo
6:17 Loom
12:12 Feudal Age
13:51 Wheelbarrow
13:04 Double-Bit Axe
18:10 Horse Collar
23:42 Castle Age
22:53 Scale Barding Armor
22:58 Forging
23:28 Bloodlines
24:09 Gold Mining
25:42 Bow Saw
25:57 Chain Barding Armor
26:45 Gold Shaft Mining
26:14 Heavy Plow
29:19 Hand Cart
30:23 Iron Casting
37:26 Imperial Age
35:38 Fletching
35:59 Stone Mining
36:39 Ballistics
36:16 Bodkin Arrow
37:39 Cavalier
39:36 Blast Furnace
39:11 Plate Barding Armor
39:20 Plate Barding Armor
39:14 Paladin
40:46 Conscription
46:25 Chemistry
45:27 Padded Archer Armor
46:20 Thumb Ring
45:36 Elite Skirmisher
48:45 Leather Archer Armor
49:33 Murder Holes
49:50 Masonry
52:50 Ring Archer Armor
Yoking
4:17 Loom
12:47 Feudal Age
13:23 Double-Bit Axe
18:00 Castle Age
16:35 Fletching
17:18 Stone Mining
34:27 Husbandry
38:15 Ballistics
38:39 Bow Saw
39:51 Bodkin Arrow
43:20 Wheelbarrow
42:35 Town Watch
42:50 Horse Collar
45:54 Imperial Age
45:00 Scale Barding Armor
44:57 Scale Mail Armor
45:08 Forging
45:11 Squires
47:30 Chain Mail Armor
47:13 Gold Mining
48:55 Iron Casting
48:54 Hand Cart
49:15 Masonry
51:16 Elite Fire Lancer
52:33 Plate Mail Armor
53:45 Eupseong
53:51 Arson
55:20 Two-Man Saw
54:47 Bracer
Turtletamer11
5:24 Loom
13:54 Feudal Age
13:58 Feudal Age
16:06 Double-Bit Axe
18:31 Castle Age
16:54 Fletching
20:12 Bloodlines
20:04 Bodkin Arrow
20:57 Husbandry
28:56 Ballistics
30:13 Scale Mail Armor
30:24 Forging
34:29 Arson
34:45 Squires
36:02 Iron Casting
37:20 Horse Collar
38:19 Heavy Plow
39:34 Wheelbarrow
39:24 Chain Mail Armor
41:13 Hand Cart
46:06 Imperial Age
43:33 Hamask
46:10 Elite Jomsviking
48:07 Blast Furnace
48:31 Plate Mail Armor
50:33 Conscription
51:42 Man-at-Arms
51:44 Pikeman
52:10 Gambesons
53:16 Bracer
HD_montu
7:27 Loom
13:38 Feudal Age
13:46 Feudal Age
15:04 Double-Bit Axe
19:56 Castle Age
20:10 Fletching
20:51 Bodkin Arrow
29:37 Elite Skirmisher
33:27 Bow Saw
35:52 Padded Archer Armor
39:08 Ballistics
45:24 Wheelbarrow
45:22 Horse Collar
48:38 Heavy Plow
50:27 Thumb Ring
54:07 Imperial Age
52:59 Bloodlines
52:50 Husbandry
55:59 Chemistry
55:04 Bracer
Vinzzzdj
13:44 Feudal Age
17:39 Castle Age
17:59 Double-Bit Axe
18:50 Bow Saw
19:02 Scale Mail Armor
19:12 Forging
21:08 Chain Mail Armor
21:10 Loom
21:44 Horse Collar
25:15 Wheelbarrow
24:45 Arson
26:56 Hand Cart
29:53 Fletching
30:33 Town Watch
33:41 Bodkin Arrow
33:47 Padded Archer Armor
33:23 Crossbowman
35:05 Gold Mining
36:25 Ballistics
36:14 Thumb Ring
36:59 Heavy Plow
41:38 Imperial Age
40:17 Gold Shaft Mining
39:33 Stone Mining
41:48 Arbalester
44:28 Halberdier
45:09 Squires
47:14 Plate Mail Armor
47:18 Conscription
48:08 Masonry
Peter Pansito
6:46 Double-Bit Axe
9:27 Loom
10:34 Wheelbarrow
12:01 Feudal Age
14:54 Bow Saw
20:11 Hand Cart
22:29 Castle Age
22:28 Forging
22:23 Scale Barding Armor
24:52 Chain Barding Armor
25:03 Husbandry
25:08 Cavalier
28:09 Iron Casting
33:40 Gold Mining
34:58 Gold Shaft Mining
35:25 Two-Man Saw
34:05 Horse Collar
37:01 Burgundian Vineyards
40:40 Imperial Age
38:51 Town Watch
42:06 Plate Barding Armor
40:55 Paladin
41:56 Conscription
41:38 Heavy Plow
41:30 Stone Mining
43:20 Blast Furnace
47:20 Scale Mail Armor
47:07 Arson
46:43 Pikeman
49:18 Chain Mail Armor
49:04 Squires
49:59 Halberdier
Connection lost

Rejoining the realm…

Still unreachable

The connection could not be restored.

Session expired

The server has moved on; the page needs a fresh start.